 Dungeon Crawl Stone Soup version 0.17.0-24-gcfadda4 (webtiles) character file.

275 HaroldButt the Ruffian (level 6, -3/55 HPs)
             Began as a Troll Hunter on Nov 16, 2015.
             Was an Initiate of Okawaru.
             Slain by a gnoll
             ... wielding a +0 spear
              (4 damage)
             ... on level 2 of the Dungeon.
             The game lasted 00:05:34 (1555 turns).

HaroldButt the Ruffian (Troll Hunter)               Turns: 1555, Time: 00:05:34

Health: -3/55      AC:  6    Str: 21    XL:     6   Next: 3%
Magic:  5/5        EV: 11    Int:  7    God:    Okawaru [......]
Gold:   82         SH:  0    Dex: 12    Spells: 0 memorised, 5 levels left

rFire  . . .     SeeInvis .       - Unarmed
rCold  . . .     Clarity  .     d - +0 robe
rNeg   . . .     SustAt   .     (no shield)
rPois  .         Gourm    +     (helmet restricted)
rElec  .         Spirit   .     n - +0 cloak
rCorr  .         Warding  .     (gloves unavailable)
rMut   .         Stasis   .     (boots unavailable)
MR     .....                    (no amulet)
Stlth  ++........               (no ring)
                                h - ring of stealth

@: not resistant to hostile enchantments, unstealthy
A: unfitting armour, claws 3, fast metabolism 3, gourmand, regeneration 2,
shaggy fur 1, tough skin 2
a: Renounce Religion


You were on level 2 of the Dungeon.
You worshipped Okawaru.
Okawaru was noncommittal.
You were very full.

You visited 1 branch of the dungeon, and saw 3 of its levels.

You collected 82 gold pieces.

Inventory:

Missiles
 a - 5 large rocks
 b - 2 throwing nets
 i - 49 stones (quivered)
Armour
 d - a +0 robe (worn)
 n - a +0 cloak (worn)
Jewellery
 h - a ring of stealth (left claw)
Scrolls
 c - a scroll of recharging {unknown}
 g - a scroll of magic mapping {unknown}
 k - 2 scrolls of teleportation {unknown}
 l - 3 scrolls of remove curse {unknown}
 m - 2 scrolls of noise {unknown}
 r - a scroll of identify {unknown}
 s - a scroll of enchant armour {unknown}
Potions
 f - a potion of brilliance {unknown}
 o - a potion of flight {unknown}
 q - 3 potions of curing {unknown}
 t - a potion of cancellation {unknown}
Comestibles
 e - 3 bread rations
 j - 2 meat rations
 p - 3 chunks of flesh


   Skills:
 - Level 1.5 Fighting
 - Level 3.6 Throwing
 + Level 3.8 Dodging
 - Level 0.4 Stealth
 + Level 4.1 Unarmed Combat


You had 5 spell levels left.
You didn't know any spells.

Dungeon Overview and Level Annotations

Branches:
Dungeon (3/15)

Altars:
Fedhas
Kikubaaqudgha
Okawaru
Qazlal
Xom


Innate Abilities, Weirdness & Mutations

You are too large for most types of armour.
You have claws for hands.
Your metabolism is lightning-fast.
You like to eat raw meat.
You heal very quickly.
You are covered in fur (AC +1).
You have very tough skin (AC +2).


Message History

The gnoll hits you with a spear!
The gnoll sergeant hits you but does no damage.
You climb upwards.
There is a stone staircase leading down here.
You scratch the gnoll.
The gnoll is lightly wounded.
The gnoll barely misses you.
The gnoll sergeant hits you with a spear of piercing!
The gnoll misses you.
You barely miss the gnoll.
The gnoll is lightly wounded.
The gnoll barely misses you. The gnoll hits you with a spear.
The gnoll sergeant hits you with a spear of piercing!
* * * LOW HITPOINT WARNING * * *
x2 You scratch the gnoll.
The gnoll is moderately wounded.
The gnoll hits you.
* * * LOW HITPOINT WARNING * * *
The gnoll hits you with a spear.
You die...

....#### ....'..#
....##.# ....##.#
....##.# #########
....##.# #.......#
######.# #.#####.#
######.###.#####g#
..............gg@#
.........#######g#
.................#
#........#########
#........#
#........#
#........#
#........#
##..####.#


You could see a gnoll sergeant and 3 gnolls.

Vanquished Creatures
  Sigmund (D:2)
  Robin (D:1)
  A gnoll (D:2)
  3 adders (D:2)
  2 oozes
  A worm (D:2)
  3 orcs (D:3)
  2 bats (D:2)
  4 hobgoblins
  8 jackals
  A quokka (D:2)
  A giant cockroach (D:2)
  7 giant newts
  19 goblins
  3 kobolds (D:1)
  4 rats
61 creatures vanquished.

Notes
Turn   | Place    | Note
--------------------------------------------------------------
     0 | D:1      | HaroldButt the Troll Hunter began the quest for the Orb.
     0 | D:1      | Reached XP level 1. HP: 19/19 MP: 0/0
    34 | D:1      | Reached skill level 1 in Unarmed Combat
    63 | D:1      | Reached XP level 2. HP: 27/27 MP: 1/1
   618 | D:2      | Noticed Robin
   622 | D:2      | Reached XP level 3. HP: 29/33 MP: 2/2
   674 | D:1      | Killed Robin
   860 | D:2      | Reached XP level 4. HP: 37/41 MP: 3/3
  1319 | D:2      | Noticed Sigmund
  1326 | D:2      | Killed Sigmund
  1326 | D:2      | Reached XP level 5. HP: 43/48 MP: 4/4
  1329 | D:2      | Found a blossoming altar of Fedhas.
  1329 | D:2      | Found an iron altar of Okawaru.
  1344 | D:2      | Found an ancient bone altar of Kikubaaqudgha.
  1346 | D:2      | Found a shimmering altar of Xom.
  1348 | D:2      | Found a stormy altar of Qazlal.
  1351 | D:2      | Reached skill level 4 in Unarmed Combat
  1369 | D:2      | Became a worshipper of Warmaster Okawaru
  1475 | D:3      | Noticed an orc warrior
  1512 | D:2      | Reached XP level 6. HP: 37/55 MP: 5/5
  1555 | D:2      | HP: 1/55 [gnoll (5)]
  1555 | D:2      | Slain by a gnoll

Action                   |  1- 3 |  4- 6 || total
-------------------------+-------+-------++-------
Melee: Unarmed           |   111 |    53 ||   164
Throw: Large rock        |       |     5 ||     5
 Stab: Sleeping          |       |     2 ||     2
  Eat: Chunk             |     9 |     6 ||    15
       Bread ration      |     1 |       ||     1
